 Dungeon Sprint DCSS version 0.31.0-12-g77e489cdc1 (webtiles) character file.

Game seed: 2089344482629358266

42 Groucho the Shooter (level 3, -2/30 HPs)
             Began as a Formicid Hunter on Feb 12, 2024.
             Slain by an iguana (6 damage)
             ... in the Dungeon (Sprint IX: "|||||||||||||||||||||||||||||").
             The game lasted 00:01:31 (831 turns).

Groucho the Shooter (Formicid Hunter)                Turns: 831, Time: 00:01:31

Health: -2/30      AC:  3    Str: 15    XL:     3   Next: 77%
Magic:  3/3        EV: 13    Int:  8    God:
Gold:   0          SH:  0    Dex: 19    Spells: 2/2 levels left

rFire   . . .        a - +0 shortbow
rCold   . . .        (no shield)
rNeg    . . .        c - +0 leather armour
rPois   .            (helmet unavailable)
rElec   .            (no cloak)
rCorr   .            (no gloves)
SInv    +            (no boots)
Will    .....        (no amulet)
Stlth   +++          (no ring)
HPRegen 0.25/turn    (no ring)
MPRegen 0.08/turn

%: no passive effects
@: no status effects
A: permanent stasis, dig shafts and tunnels, antennae 3, four strong arms
a: Dig


You were in the Dungeon.
You visited 1 branch

Inventory:

Hand Weapons
 a - a +0 shortbow (weapon)
Armour
 c - a +0 leather armour (worn)
Potions
 f - 2 potions of magic


   Skills:
 + Level 3.9 Fighting
 + Level 4.9 Ranged Weapons
 + Level 2.9 Armour
 + Level 3.2 Dodging
 + Level 3.9 Stealth


You had 2 spell levels left.
You didn't know any spells.
Your spell library was empty.

Dungeon Overview and Level Annotations

Branches:
Dungeon (1/1)

Altars:


Innate Abilities, Weirdness & Mutations

You cannot be hasted, slowed, berserked, paralysed or teleported.
You can dig through walls and to a lower floor.
You have a pair of large antennae on your head. (SInv)
Your four strong arms can wield two-handed weapons with a shield.


Message History

Press: ? - help, Q - select action, (/) - cycle Shift-Dir - straight line, f/p - iguana
Aim: an iguana (lightly wounded, 68% to hit)
You shoot an arrow. The arrow hits the iguana.
The iguana is moderately wounded.
The iguana bites you!
* * * LOW HITPOINT WARNING * * *
The iguana barely misses you.
Unknown command.
Fire: a) +0 shortbow
Press: ? - help, Q - select action, (/) - cycle Shift-Dir - straight line, f/p - iguana
Aim: an iguana (moderately wounded, 68% to hit)
You shoot an arrow. The arrow hits the iguana!
The iguana is severely wounded.
The iguana completely misses you.
Unknown command.
Fire: a) +0 shortbow
Press: ? - help, Q - select action, (/) - cycle Shift-Dir - straight line, f/p - iguana
Aim: an iguana (severely wounded, 68% to hit)
You shoot an arrow. The arrow barely misses the iguana.
The arrow hits the black bear!
The black bear is heavily wounded.
The iguana barely misses you.
Unknown command.
Fire: a) +0 shortbow
Press: ? - help, Q - select action, (/) - cycle Shift-Dir - straight line, f/p - iguana
Aim: an iguana (heavily wounded, 68% to hit)
You shoot an arrow.
The arrow hits the iguana but does no damage.
The iguana is heavily wounded.
The iguana bites you.
* * * LOW HITPOINT WARNING * * *
Unknown command.
Fire: a) +0 shortbow
Press: ? - help, Q - select action, (/) - cycle Shift-Dir - straight line, f/p - iguana
Aim: an iguana (heavily wounded, 68% to hit)
You shoot an arrow. The arrow closely misses the iguana.
The arrow hits the black bear.
The black bear is heavily wounded.
The iguana bites you.
You die... { ▓▓▓▓▓▓▓▓▓▓▓▓▓▓▓▓▓▓ +..†..'...5hl@..<▓ ▓▓▓▓▓▓▓▓▓▓▓▓▓▓▓▓▓▓

You could see a black bear, an iguana and a white imp.

Vanquished Creatures
  A sleepcap (D)
  An adder (D)
  A ball python (D)
  A bat (D)
  2 kobolds (D)
  A rat (D)
7 creatures vanquished.

Notes
Turn   | Place    | Note
-------+----------+-------------------------------------------
     0 | D        | Groucho the Formicid Hunter began the quest for the Orb.
     0 | D        | Reached XP level 1. HP: 16/16 MP: 1/1
     7 | D        | Reached skill level 1 in Armour
   296 | D        | Noticed a black bear
   296 | D        | Noticed an iguana
   296 | D        | Noticed a sleepcap
   306 | D        | Killed a sleepcap
   307 | D        | Reached XP level 2. HP: 25/25 MP: 2/2
   307 | D        | Reached XP level 3. HP: 30/30 MP: 3/3
   831 | D        | Slain by an iguana

Illustrated notes

Levels and vault maps discovered:
D:        linesprint [early_d, line_temple, items_1, d_10, items_2, lair_1,
          lair_end, items_3, orc_1, orc_end, items_4, d_15, swamp_1, shoals_1,
          snake_1, spider_1, d_20, vaults_1, items_5, swamp_end, shoals_end,
          snake_end, spider_end, vaults_end, d_27, items_6, zot_1, zot_end,
          crypt_end, forest_end, elf_end, slime_end, tomb_end, abyss_end,
          pan_hell_end]

Skill      XL: |  1 |
---------------+----+-----
Dodging        | 3 |  3.2
Armour         | 2 |  2.9
Stealth        | 3 |  3.9
Fighting       | 3 |  3.9
Ranged Weapons | |  4.9

Action                     || total
---------------------------++-------
   Fire: Shortbow          ||    41
Ability: Dig               ||     1
    Use: Potion            ||     2
         Scroll            ||     1
 Armour: Leather armour    ||    22
  Dodge: Dodged            ||    19
